Map: Deathaura LE

Players

LiquidMaNa (MaNa)

  • Race: Protoss Protoss
  • League: Grandmaster
  • Spawn Location: 5:00

soul - Winner!

  • Race: Terran Terran
  • League: Master
  • Spawn Location: 11:00

Event: DreamHack SC2 Masters 2020 Summer Europe

VOD

Have the link to the VOD?

Description

Time

  • Played on: July 9, 2020, 10:21 a.m.
  • Length: 9:58

All games in this series

Show
View Real Time Build Order
Export as new Build Order

LiquidMaNa Protoss 

Build Orders: 1 Gate Expand, Double Forge, Blink Stalkers 

Get SALT Encoding   

  12  0:00  Probe  
  13  0:12  Probe  
  14  0:16  Pylon  
  14  0:23  Probe  
  15  0:31  Probe  
  15  0:36  Gateway  
  15  0:40  Probe  
  16  0:48  Assimilator  
  17  0:51  Probe  
  18  1:03  Probe  
  19  1:15  Probe  
  20  1:23  Cybernetics Core  
  20  1:32  Nexus  
  20  1:39  Pylon  
  20  1:41  Probe  
  21  1:48  Assimilator  
  21  1:51  Adept  
  21  1:53  Probe  
  24  2:05  Probe  
  25  2:09  Warp Gate  
  25  2:12  Stalker  
  24  2:18  Probe  
  27  2:30  Probe  
  27  2:34  Twilight Council  
  28  2:42  Probe  
  28  2:43  Stalker  
  31  2:45  Probe  
  32  2:54  Probe  
  32  2:56  Gateway  
  32  2:57  Probe  
  34  3:06  Probe  
  34  3:09  Probe  
  34  3:10  Robotics Facility  
  36  3:17  Probe  
  36  3:19  Probe  
  37  3:25  Probe  
  38  3:27  Probe  
  38  3:30  Assimilator  
  38  3:31  Blink  
  38  3:33  Probe  
  40  3:36  Shield Battery  
  40  3:37  Probe  
  42  3:44  Probe  
  43  3:49  Probe  
  44  3:58  Stalker x2  
  44  3:59  Probe  
  38  4:03  Probe  
  38  4:07  Probe  
  32  4:12  Observer  
  32  4:14  Probe  
  32  4:15  Probe  
  35  4:22  Probe  
  36  4:26  Probe  
  36  4:30  Probe  
  38  4:33  Observer  
  38  4:38  Probe  
  41  4:41  Forge  
  41  4:42  Probe  
  41  4:43  Forge  
  42  4:50  Probe  
  43  4:54  Probe  
  43  4:56  Pylon  
  44  5:01  Stalker  
  44  5:04  Observer  
  46  5:08  Pylon  
  46  5:11  Probe x2  
  46  5:14  Stalker  
  46  5:15  Protoss Ground Weapons Level 1, Protoss Ground Armor Level 1  
  46  5:19  Probe x2  
  52  5:28  Probe x2  
  52  5:33  Pylon  
  52  5:35  Observer  
  54  5:40  Probe x2  
  54  5:42  Stalker x2  
  60  5:47  Pylon  
  60  5:52  Probe x2  
  60  5:54  Charge  
  62  6:04  Probe x2  
  64  6:17  Probe x2  
  64  6:18  Observer, Nexus  
  67  6:23  Pylon  
  67  6:29  Probe x2  
  67  6:32  Gateway x2  
  69  6:35  Gateway  
  69  6:40  Gateway, Observer  
  69  6:44  Templar Archives  
  69  6:47  Probe x2  
  71  6:59  Probe x2  
  71  7:00  Gateway  
  73  7:03  Gateway  
  73  7:04  Psionic Storm  
  73  7:11  Probe x2  
  75  7:20  High Templar x2  
  79  7:33  Pylon  
  79  7:34  Probe x3  
  82  7:38  Assimilator, Zealot x4  
  90  7:45  Immortal  
  94  7:57  Probe  
  90  8:01  Zealot  
  90  8:02  Zealot x5  
  102  8:06  Probe  
  102  8:11  Zealot x2  
  107  8:16  Probe x2  
  109  8:20  Pylon  
  109  8:21  Pylon  
  109  8:23  Pylon  
  105  8:29  Archon  
  101  8:35  Zealot x4  
  91  8:42  Probe  
  91  8:44  Probe  
  91  8:46  Probe  
  84  8:50  Sentry  
  84  8:51  Zealot x2  
  84  8:53  Assimilator x2  
  89  8:56  Zealot x2  
  89  9:01  Stalker x2  
  90  9:08  Immortal  
  94  9:10  High Templar  
  94  9:14  Zealot  
  96  9:22  Zealot x4  
  90  9:25  Zealot x2  
  90  9:26  Zealot x3  
Show
View Real Time Build Order
Export as new Build Order

soul Terran - Winner!

Build Orders:  

Get SALT Encoding   

  12  0:00  SCV  
  13  0:13  SCV  
  14  0:16  Supply Depot  
  14  0:25  SCV  
  15  0:38  SCV  
  15  0:41  Barracks  
  16  0:44  Refinery  
  16  0:50  SCV  
  17  1:02  SCV  
  18  1:14  SCV  
  19  1:27  Marine  
  19  1:28  Orbital Command  
  20  1:51  Command Center  
  20  1:55  Factory  
  20  1:57  SCV  
  21  2:05  Barracks Reactor  
  21  2:06  Supply Depot  
  21  2:09  SCV  
  22  2:15  Refinery  
  22  2:21  SCV  
  23  2:33  SCV  
  24  2:45  SCV  
  24  2:46  Hellion x2  
  24  2:47  Reaper  
  24  2:50  Starport  
  30  2:57  SCV  
  31  3:03  Orbital Command  
  31  3:07  Hellion  
  31  3:10  Hellion  
  31  3:12  SCV  
  36  3:24  SCV  
  37  3:28  Starport Tech Lab  
  37  3:31  Supply Depot, SCV  
  38  3:36  Marine x2, SCV  
  38  3:37  Factory Tech Lab  
  41  3:43  SCV  
  41  3:47  Supply Depot  
  42  3:48  Raven  
  42  3:49  SCV  
  42  3:55  SCV  
  44  4:01  Marine, SCV  
  44  4:02  Siege Tank  
  46  4:03  Marine  
  46  4:07  SCV  
  44  4:13  Bunker, SCV  
  43  4:19  Marine, SCV  
  43  4:20  Barracks  
  45  4:25  SCV  
  45  4:29  Bunker  
  46  4:31  SCV  
  46  4:34  Siege Tank  
  46  4:36  Marine  
  46  4:37  SCV  
  52  4:41  Marine  
  52  4:44  Engineering Bay, SCV  
  54  4:49  SCV  
  58  4:53  Marine  
  58  4:56  SCV  
  58  4:59  Marine  
  61  5:01  SCV  
  61  5:02  Armory  
  59  5:08  Siege Tank  
  59  5:11  Refinery  
  59  5:12  Refinery  
  62  5:15  Supply Depot  
  62  5:22  Command Center  
  62  5:24  Stimpack  
  62  5:36  Marine x2, SCV x2  
  62  5:37  Marauder  
  62  5:38  Supply Depot  
  62  5:39  Missile Turret  
  62  5:42  Widow Mine  
  70  5:48  Barracks  
  70  5:49  Drilling Claws  
  70  5:55  Terran Infantry Weapons Level 1  
  70  5:57  Engineering Bay  
  70  5:59  Marine  
  70  6:00  SCV x2  
  73  6:04  Marine  
  73  6:05  Marauder  
  73  6:06  Widow Mine  
  73  6:10  Supply Depot  
  77  6:12  SCV x2  
  77  6:16  Supply Depot, Medivac  
  81  6:23  Terran Infantry Armor Level 1  
  82  6:26  Marauder  
  82  6:27  Widow Mine  
  85  6:37  Barracks  
  85  6:39  Orbital Command, Barracks  
  85  6:41  SCV x2  
  85  6:44  Barracks Tech Lab  
  85  6:46  Marine  
  88  6:47  Marauder  
  90  6:54  Marine  
  90  6:55  SCV  
  90  6:58  Medivac  
  94  7:03  Combat Shield  
  94  7:04  Supply Depot x2  
  94  7:09  Marauder, Concussive Shells  
  94  7:11  Marauder  
  94  7:12  SCV  
  94  7:13  SCV  
  100  7:15  Factory Reactor  
  100  7:21  Supply Depot  
  100  7:27  Marine  
  99  7:30  Marauder, SCV  
  99  7:32  Orbital Command  
  99  7:33  Marauder, Starport Reactor  
  99  7:36  Marine  
  105  7:37  SCV  
  105  7:38  Barracks Reactor  
  105  7:42  SCV  
  107  7:45  Marine  
  107  7:50  SCV  
  107  7:51  Marauder  
  111  7:52  Marauder  
  111  7:54  Marauder, Marine, SCV  
  111  7:57  SCV  
  116  8:02  Marine, SCV  
  116  8:04  Ghost Academy  
  118  8:06  SCV  
  118  8:09  SCV  
  118  8:10  Medivac x2  
  118  8:12  Marauder, Marine  
  123  8:13  Marauder  
  123  8:14  SCV  
  123  8:15  Marauder  
  123  8:17  Marine, Widow Mine  
  123  8:18  Marine  
  132  8:20  Marine  
  132  8:24  Supply Depot x2  
  131  8:29  Marine  
  131  8:34  Marauder x2  
  134  8:35  Marine  
  134  8:37  Marauder  
  134  8:39  Marine  
  134  8:40  Medivac x2  
  133  8:42  Widow Mine x2  
  133  8:43  Marine  
  133  8:47  Marine  
  128  8:53  Marine  
  128  8:55  Marauder  
  127  8:56  Marauder  
  127  8:57  Marine  
  127  8:58  Marauder  
  132  9:03  Marine, Widow Mine x2  
  132  9:09  Marine  
  138  9:13  Marine  
  138  9:16  Marauder  
  138  9:17  Marauder, Marine  
  138  9:19  Marauder  
  138  9:21  Marine  
  135  9:24  Widow Mine  
  135  9:26  Marine  
  135  9:30  Widow Mine  
  135  9:31  Marine  
  138  9:34  Marine  
  136  9:39  Marine  
Tags
 
Add a new tag
Caveats
  • Supply blocks, unpowered buildings, or Contaminate may cause inaccurate times.
  • Supply counts are checked every 10 seconds.